 Dungeon Crawl Stone Soup version 0.31-a0-210-gccc998df9b (webtiles) character file.

Game seed: 15815774906184254602

6510 qw the Cleaver (level 11, -8/68 HPs)
             Began as a Gargoyle Fighter on June 30, 2023.
             Was a Believer of Okawaru.
             Mangled by Fannar
             ... wielding a staff of cold
              (9 damage)
             ... on level 10 of the Dungeon.
             The game lasted 00:03:49 (8739 turns).

qw the Cleaver (Gargoyle Fighter)                   Turns: 8739, Time: 00:03:50

Health: -8/68      AC: 26    Str: 24    XL:     11   Next: 0%
Magic:  12/14      EV:  9    Int:  9    God:    Okawaru [**....]
Gold:   217        SH:  6    Dex:  9    Spells: 10/10 levels left

rFire   . . .        Y - +3 broad axe (heavy)
rCold   . . .        c - +0 buckler
rNeg    + . .        j - +0 plate armour
rPois   inf          p - +0 helmet
rElec   +            (no cloak)
rCorr   .            h - +0 pair of gloves
SInv    .            (no boots)
Will    .....        (no amulet) Stlth
                     (no ring)
HPRegen 0.31/turn    (no ring)
MPRegen 0.14/turn

%: no passive effects
@: heroic
A: sickness immunity, AC +8, negative energy resistance 1, electricity
resistance, torment resistance 1, petrification resistance
a: Renounce Religion, Heroism


You were on level 10 of the Dungeon.
You worshipped Okawaru.
Okawaru was pleased with you.
You visited 2 branches of the dungeon, and saw 11 of its levels.
You also visited: Ossuary.

You collected 366 gold pieces.
You spent 149 gold pieces at shops.


Innate Abilities, Weirdness & Mutations

You are immune to sickness and miasma.
Your stone body is resilient. (AC +8)
You are immune to poison.
You resist negative energy. (rN+)
You are resistant to electric shocks. (rElec)
You are resistant to unholy torment.
You are immune to petrification.


   Skills:
 + Level 8.1(13.1) Fighting
 - Level 11.1(16.1) Axes
 - Level 3.4(8.4) Throwing
 - Level 7.0(12.0) Armour
 - Level 1.4(6.4) Dodging
 - Level 5.1(10.1) Shields
 - Level 4.0 Invocations


You had 10 spell levels left.
You didn't know any spells.
Your spell library was empty.

Inventory:

Hand Weapons
 a - the +5 war axe of Resourcefulness {freeze, rC+ rN+ Will- MP+9}
   (You acquired it on level 2 of the Dungeon)

   rC:        It protects you from cold.
   rN:        It protects you from negative energy.
   MP:        It affects your magic capacity (+9).
   Will:      It decreases your willpower.
 g - a +0 morningstar
 Y - a +3 heavy broad axe (weapon)
Armour
 c - a +0 buckler (worn)
 h - a +0 pair of gloves (worn)
 j - a +0 plate armour (worn)
 n - the +1 pair of boots of Failure {Harm *Corrode Fly rPois Int+6}
   (You found it on level 7 of the Dungeon)

   Int:       It affects your intelligence (+6).
   rPois:     It protects you from poison.
   Fly:       It grants you flight.
   *Corrode:  It may corrode you when you take damage.
   Harm:      It increases damage dealt and taken.
 p - a +0 helmet (worn)
Scrolls
 b - a scroll of revelation {unknown}
 l - 3 scrolls of identify
 m - a scroll of fear {unknown}
Potions
 d - a potion of might
 e - a potion of magic
 f - a potion of haste
 i - a potion of curing
 k - a potion of cancellation
 o - 2 potions of lignification

Dungeon Overview and Level Annotations

Branches:
Dungeon (9/15)             Temple (1/1) D:7         Ossuary (visited)
   Lair: D:8-11         Orc: D:9-12

Altars:
Ashenzari
Cheibriados
Dithmenos
Elyvilon
Fedhas
Gozag
Hepliaklqana
Kikubaaqudgha
Makhleb
Okawaru
Qazlal
Ru
Sif Muna
Trog
Uskayaw
Vehumet
Wu Jian
Xom
Yredelemnul
Zin
The Shining One

Shops:
D:1 [   D:4 ?

Annotations:
D:7 1 runed translucent door, Crazy Yiuf
D:10 Fannar


Message History

8733 ||| INVOKING Heroism.
You gain the combat prowess of a mighty hero.
Fannar mumbles some strange words.
The yak gores you. The yak gores you but does no damage.
The ice beast hits you but does no damage.
You barely miss the ice beast. You barely miss the yak. x2
The yak barely misses you. The yak gores you!
The ice beast hits you but does no damage.
You closely miss the ice beast. You slice the ice beast!!
You slice the yak!! x2
The yak gores you but does no damage. The yak gores you.
The ice beast barely misses you. x2
You carve the ice beast like a ham!!!
You kill the ice beast!
The ice beast disappears in a puff of smoke!
You barely miss the yak. You hit the ice beast but do no damage.
You hit the yak. The yak barely misses you. You block the ice beast's attack.
You block the yak's attack. x2; The yak gores you but does no damage.
You barely miss the yak.
The yak is severely wounded.
You hit the yak. You slash the yak! You slash the ice beast!
The ice beast hits you but does no damage.
The yak completely misses you.
The yak gores you! x2; The ice beast hits you.
The ice beast freezes you.
You slash the yak!
You kill the yak!
Okawaru accepts your kill.
You slash the yak! You slice the ice beast!!
You kill the ice beast!
The ice beast disappears in a puff of smoke!
You barely miss the yak. The yak gores you but does no damage.
The yak closely misses you.
Your base Axes skill increases to level 11!
You have reached level 11!
You completely miss the yak.
The yak is severely wounded.
You slash Fannar! You hit the yak.
Fannar brushes some snowflakes from their robe.
Fannar hits you with a staff of cold. Fannar freezes you!
You die...

. .. ...
.... .....
####......
##.@eY.....
#.Y%Y......
#..........
#.###......
#.# ......
#.# ......
#.# .....
#.# .....
#.#


You could see Fannar, 2 yaks and an ice beast (summoned).

Vanquished Creatures
  Harold (D:9)
  Pikel (D:6)
  A troll (D:5)
  14 yaks
  A vampire mosquito (D:6)
  A steam dragon (D:9)
  Menkaure (D:4)
  2 water moccasins (D:5)
  A black bear (D:6)
  An ice beast (D:5)
  2 orc warriors
  A sky beast (D:8)
  4 ogres
  4 centaurs
  A lemure (D:6)
  A phantom (D:4)
  An elf zombie (Ossuary)
  A kobold brigand (D:9)
  2 bullfrogs (D:8)
  5 killer bees (D:8)
  An electric eel (D:6)
  A howler monkey (D:8)
  3 jellies
  2 gnoll boudas
  2 hounds
  3 orc priests
  An iguana (D:6)
  8 orc wizards
  3 sleepcaps
  3 mummies (Ossuary)
  6 gnolls
  7 adders
  3 shadow imps (D:5)
  A white imp (D:5)
  2 ufetubi
  An adder zombie (Ossuary)
  A worm (D:4)
  4 dart slugs (D:1)
  18 orcs
  8 ball pythons
  4 bats
  7 endoplasms
  3 giant cockroaches
  10 goblins
  5 hobgoblins
  2 quokkas
  6 frilled lizards
  3 goblin zombies (Ossuary)
  A hobgoblin zombie (Ossuary)
  10 kobolds
  4 kobold zombies (Ossuary)
  5 quokka zombies (Ossuary)
  5 rats
  3 rat zombies (Ossuary)
192 creatures vanquished.

Notes
Turn   | Place    | Note
-------+----------+-------------------------------------------
     0 | D:1      | qw the Gargoyle Fighter began the quest for the Orb.
     0 | D:1      | Reached XP level 1. HP: 14/14 MP: 1/1
     0 | D:1      | 0 ||| qw: Version: 0.3-a-26-gee661ec
     0 | D:1      | 0 ||| qw: Game counter: 7285
     0 | D:1      | 0 ||| qw: Melee chars always use a shield: true
     0 | D:1      | 0 ||| qw: God list: Okawaru
     0 | D:1      | 0 ||| qw: Allow faded altars: false
     0 | D:1      | 0 ||| qw: Do Orc after clearing Dungeon:15 true
     0 | D:1      | 0 ||| qw: Do second Lair branch before Depths: true
     0 | D:1      | 0 ||| qw: Lair rune preference: random
     0 | D:1      | 0 ||| qw: Goals: Normal, Zot:1-4, Slime:5, God:TSO, Crypt,
                  | Tomb, Abyss, Pan, Hells, Win
     0 | D:1      | 0 ||| PLANNING D:1-11
    19 | D:1      | Reached skill level 2 in Axes
   189 | D:1      | Reached XP level 2. HP: 19/19 MP: 2/2
   349 | D:1      | 349 ||| Stepping ~*~*~tactically~*~*~ (stealth).
   351 | D:1      | 351 ||| Stepping ~*~*~tactically~*~*~ (hiding).
   369 | D:1      | Reached skill level 3 in Axes
   384 | D:1      | 384 ||| Stepping ~*~*~tactically~*~*~ (stealth).
   410 | D:1      | Found Gome's Antique Armour Emporium.
   417 | D:1      | 417 ||| SHOPLISTING pair of embroidered gloves (135 gold,
                  | have 38).
   576 | D:1      | 576 ||| Stepping ~*~*~tactically~*~*~ (hiding).
   579 | D:1      | 579 ||| Stepping ~*~*~tactically~*~*~ (hiding).
   588 | D:1      | Reached XP level 3. HP: 23/23 MP: 3/3
   811 | D:1      | 811 ||| UPGRADING to +0 chain mail.
   821 | D:1      | 821 ||| DROPPING +0 scale mail.
   822 | D:1      | 822 ||| READING scroll labelled LUCZARCHA AVIRCH.
   823 | D:1      | 823 ||| READING scroll labelled ERUETAHADD.
   937 | D:2      | 937 ||| DROPPING +0 whip.
  1044 | D:2      | 1044 ||| READING scroll labelled PIMURO UTUIGH.
  1044 | D:2      | Identified a scroll of acquirement
  1044 | D:2      | 1044 ||| ACQUIRING +5 war axe of Resourcefulness {freeze,
                  | rC+ rN+ Will- MP+9}
  1044 | D:2      | Acquired the +5 war axe of Resourcefulness {freeze, rC+ rN+
                  | Will- MP+9}
  1048 | D:2      | 1048 ||| SWAPPING to +5 war axe of Resourcefulness {freeze,
                  | rC+ rN+ Will- MP+9}.
  1300 | D:2      | 1300 ||| DROPPING +4 whip.
  1360 | D:2      | Reached XP level 4. HP: 28/28 MP: 4/4
  1434 | D:2      | 1434 ||| UPGRADING to +0 plate armour.
  1444 | D:2      | 1444 ||| DROPPING +0 chain mail.
  1445 | D:2      | 1445 ||| READING scroll labelled QAQOFO JODAHOTT.
  1446 | D:2      | 1446 ||| READING scroll labelled VUDEFR NOUHIA.
  1447 | D:2      | 1447 ||| DRINKING 2 smoky amethyst potions.
  1448 | D:2      | 1448 ||| DROPPING potion of brilliance.
  1503 | D:3      | 1503 ||| SWAPPING to +0 broad axe.
  1504 | D:3      | 1504 ||| DROPPING +0 war axe.
  1535 | D:3      | Reached skill level 4 in Axes
  1537 | D:3      | 1537 ||| Stepping ~*~*~tactically~*~*~ (stealth).
  1828 | D:3      | 1828 ||| Stepping ~*~*~tactically~*~*~ (hiding).
  2247 | D:3      | 2247 ||| UPGRADING to +0 pair of gloves.
  2252 | D:3      | 2252 ||| READING scroll labelled OSTITZ REUSTREPH.
  2253 | D:3      | 2253 ||| READING scroll labelled UWOEPA IKOITO.
  2258 | D:3      | 2258 ||| READING 2 scrolls of identify.
  2258 | D:3      | 2258 ||| IDENTIFYING viscous clear potion
  2304 | D:4      | Found a hide-covered altar of Uskayaw.
  2433 | D:4      | 2433 ||| Stepping ~*~*~tactically~*~*~ (hiding).
  2435 | D:4      | 2435 ||| Stepping ~*~*~tactically~*~*~ (hiding).
  2436 | D:4      | 2436 ||| Stepping ~*~*~tactically~*~*~ (hiding).
  2532 | D:4      | Found Wahy's Magic Scroll Shop.
  2536 | D:4      | 2536 ||| BUYING scroll of enchant weapon (97 gold).
  2536 | D:4      | Bought a scroll of enchant weapon for 97 gold pieces
  2536 | D:4      | 2536 ||| BUYING scroll of identify (26 gold).
  2536 | D:4      | Bought a scroll of identify for 26 gold pieces
  2536 | D:4      | 2536 ||| BUYING scroll of identify (26 gold).
  2536 | D:4      | Bought a scroll of identify for 26 gold pieces
  2536 | D:4      | 2536 ||| SHOPLISTING scroll of identify (26 gold, have 17).
  2536 | D:4      | 2536 ||| READING scroll of enchant weapon.
  2536 | D:4      | 2536 ||| ENCHANTING +0 broad axe.
  2647 | D:4      | 2647 ||| Stepping ~*~*~tactically~*~*~ (stealth).
  2649 | D:4      | 2649 ||| Stepping ~*~*~tactically~*~*~ (hiding).
  2886 | D:4      | 2886 ||| Stepping ~*~*~tactically~*~*~ (stealth).
  2887 | D:4      | 2887 ||| Stepping ~*~*~tactically~*~*~ (stealth).
  2896 | D:4      | Reached XP level 5. HP: 31/32 MP: 5/5
  2900 | D:4      | 2900 ||| Stepping ~*~*~tactically~*~*~ (hiding).
  2948 | D:4      | Noticed a phantom
  2972 | D:4      | Killed a phantom
  2973 | D:4      | Reached skill level 5 in Axes
  3047 | D:4      | Noticed Menkaure
  3053 | D:4      | Killed Menkaure
  3054 | D:4      | Reached XP level 6. HP: 32/39 MP: 6/6
  3326 | D:4      | 3326 ||| READING scroll labelled ROSIS WEITT.
  3327 | D:4      | 3327 ||| DRINKING 2 smoky orange potions.
  3328 | D:4      | 3328 ||| DRINKING 3 fizzy brown potions.
  3349 | D:4      | 3349 ||| READING 4 scrolls of identify.
  3349 | D:4      | 3349 ||| IDENTIFYING bubbling red potion
  3350 | D:4      | 3350 ||| READING 3 scrolls of identify.
  3350 | D:4      | 3350 ||| IDENTIFYING white potion
  3351 | D:4      | 3351 ||| DROPPING potion of degeneration.
  3373 | D:5      | Entered Level 5 of the Dungeon
  3410 | D:5      | 3410 ||| Stepping ~*~*~tactically~*~*~ (stealth).
  3411 | D:5      | 3411 ||| Stepping ~*~*~tactically~*~*~ (stealth).
  3421 | D:5      | Noticed a water moccasin
  3433 | D:5      | Killed a water moccasin
  3527 | D:5      | 3527 ||| Stepping ~*~*~tactically~*~*~ (hiding).
  3528 | D:5      | 3528 ||| Stepping ~*~*~tactically~*~*~ (hiding).
  3551 | D:5      | 3551 ||| Stepping ~*~*~tactically~*~*~ (stealth).
  3586 | D:5      | Reached skill level 6 in Axes
  3586 | D:5      | Reached XP level 7. HP: 44/44 MP: 7/7
  3711 | D:5      | Found a white marble altar of Elyvilon.
  3764 | D:5      | 3764 ||| Stepping ~*~*~tactically~*~*~ (hiding).
  4173 | D:5      | Noticed a troll
  4178 | D:5      | HP: 7/44 [troll (8)]
  4179 | D:5      | 4179 ||| DRINKING potion of heal wounds.
  4181 | D:5      | Killed a troll
  4182 | D:5      | Reached skill level 7 in Axes
  4182 | D:5      | Reached XP level 8. HP: 29/48 MP: 8/8
  4254 | D:5      | 4254 ||| Stepping ~*~*~tactically~*~*~ (hiding).
  4370 | D:5      | 4370 ||| DROPPING +0 flail.
  4483 | D:5      | 4483 ||| READING scroll labelled FUSADOOXZE.
  4484 | D:5      | 4484 ||| READING scroll labelled KAEDOISCH SITABLO.
  4636 | D:6      | 4636 ||| READING 2 scrolls of identify.
  4636 | D:6      | 4636 ||| IDENTIFYING fizzy amethyst potion
  4829 | D:6      | Reached skill level 1 in Dodging
  4874 | D:6      | Reached skill level 8 in Axes
  4994 | D:6      | Noticed a yak
  5002 | D:6      | Killed a yak
  5003 | D:6      | Reached skill level 6 in Fighting
  5231 | D:6      | Noticed Pikel
  5234 | D:6      | 5234 ||| Stepping ~*~*~tactically~*~*~ (stealth).
  5239 | D:6      | Reached XP level 9. HP: 56/56 MP: 9/9
  5247 | D:6      | Killed Pikel
  5248 | D:6      | Reached skill level 9 in Axes
  5458 | D:6      | Found a bloodstained altar of Trog.
  5500 | D:6      | 5500 ||| READING 2 scrolls of identify.
  5500 | D:6      | 5500 ||| IDENTIFYING fizzy grey potion
  5530 | D:7      | Found a staircase to the Ecumenical Temple.
  5531 | D:7      | 5531 ||| PLANNING TEMPLE
  5611 | D:7      | 5611 ||| Stepping ~*~*~tactically~*~*~ (hiding).
  5675 | D:7      | 5675 ||| Stepping ~*~*~tactically~*~*~ (stealth).
  5788 | D:7      | 5788 ||| Stepping ~*~*~tactically~*~*~ (stealth).
  5790 | D:7      | 5790 ||| Stepping ~*~*~tactically~*~*~ (stealth).
  5792 | D:7      | 5792 ||| Stepping ~*~*~tactically~*~*~ (hiding).
  5795 | D:7      | 5795 ||| Stepping ~*~*~tactically~*~*~ (hiding).
  5799 | D:7      | HP: 14/56 [orc wizard/puff of flame (13)]
  5800 | D:7      | 5800 ||| READING scroll of teleportation.
  5800 | D:7      | HP: 5/56 [ogre/+0 giant club (9)]
  6105 | D:7      | 6105 ||| READING scroll of enchant weapon.
  6105 | D:7      | 6105 ||| ENCHANTING +1 heavy broad axe.
  6131 | D:7      | Identified the +1 pair of boots of Failure {Harm *Corrode
                  | Fly rPois Int+6}
  6199 | D:7      | Found a runed translucent door.
  6200 | D:7      | Noticed Crazy Yiuf
  6229 | D:7      | Reached skill level 6 in Armour
  6323 | D:7      | 6323 ||| DROPPING scarf of invisibility.
  6324 | D:7      | 6324 ||| UPGRADING to +0 helmet.
  6366 | Temple   | Entered the Ecumenical Temple
  6367 | Temple   | 6367 ||| PLANNING OKAWARU WORSHIP
  6373 | Temple   | Became a worshipper of Warmaster Okawaru
  6374 | Temple   | 6374 ||| PLANNING D:1-11
  6658 | D:8      | 6658 ||| PLANNING OSSUARY
  6743 | D:8      | 6743 ||| Stepping ~*~*~tactically~*~*~ (stealth).
  6768 | D:8      | 6768 ||| Stepping ~*~*~tactically~*~*~ (stealth).
  6781 | D:8      | 6781 ||| Stepping ~*~*~tactically~*~*~ (stealth).
  6782 | D:8      | 6782 ||| Stepping ~*~*~tactically~*~*~ (stealth).
  6787 | D:8      | Reached skill level 10 in Axes
  6860 | D:8      | 6860 ||| FLEEEEING.
  6861 | D:8      | 6861 ||| FLEEEEING.
  6862 | D:8      | 6862 ||| FLEEEEING.
  6863 | D:8      | 6863 ||| FLEEEEING.
  6864 | D:8      | 6864 ||| FLEEEEING.
  6866 | D:8      | 6866 ||| FLEEEEING.
  6867 | D:8      | 6867 ||| FLEEEEING.
  6869 | D:8      | 6869 ||| FLEEEEING.
  6870 | D:8      | 6870 ||| FLEEEEING.
  6927 | D:8      | Found a stormy altar of Qazlal.
  7016 | D:8      | Found a sand-covered staircase.
  7017 | D:8      | 7017 ||| READING scroll labelled LAYFRA WOQA.
  7059 | D:8      | 7059 ||| READING 3 scrolls of identify.
  7059 | D:8      | 7059 ||| IDENTIFYING cyan potion
  7060 | D:8      | 7060 ||| DROPPING potion of ambrosia.
  7069 | Ossuary  | Entered an ossuary
  7142 | Ossuary  | Reached * piety under Okawaru
  7143 | Ossuary  | Reached XP level 10. HP: 61/64 MP: 10/10
  7225 | D:8      | 7225 ||| PLANNING D:1-11
  7309 | D:8      | Reached skill level 1 in Invocations
  7318 | D:8      | 7318 ||| Stepping ~*~*~tactically~*~*~ (stealth).
  7319 | D:8      | 7319 ||| Stepping ~*~*~tactically~*~*~ (stealth).
  7335 | D:8      | 7335 ||| Stepping ~*~*~tactically~*~*~ (stealth).
  7340 | D:8      | 7340 ||| INVOKING Heroism.
  7480 | D:8      | 7480 ||| FLEEEEING.
  7486 | D:8      | 7486 ||| FLEEEEING.
  7487 | D:8      | 7487 ||| FLEEEEING.
  7491 | D:8      | 7491 ||| INVOKING Heroism.
  7495 | D:8      | Reached skill level 3 in Invocations
  7861 | D:9      | 7861 ||| Stepping ~*~*~tactically~*~*~ (stealth).
  7873 | D:9      | 7873 ||| Stepping ~*~*~tactically~*~*~ (stealth).
  7908 | D:9      | 7908 ||| Stepping ~*~*~tactically~*~*~ (stealth).
  7924 | D:9      | 7924 ||| Stepping ~*~*~tactically~*~*~ (hiding).
  7929 | D:9      | Reached ** piety under Okawaru
  8032 | D:9      | 8032 ||| INVOKING Heroism.
  8046 | D:9      | 8046 ||| Stepping ~*~*~tactically~*~*~ (stealth).
  8047 | D:9      | 8047 ||| Stepping ~*~*~tactically~*~*~ (stealth).
  8050 | D:9      | 8050 ||| Stepping ~*~*~tactically~*~*~ (stealth).
  8051 | D:9      | 8051 ||| FLEEEEING.
  8052 | D:9      | 8052 ||| FLEEEEING.
  8122 | D:9      | 8122 ||| Stepping ~*~*~tactically~*~*~ (hiding).
  8128 | D:9      | 8128 ||| Stepping ~*~*~tactically~*~*~ (stealth).
  8211 | D:9      | 8211 ||| Stepping ~*~*~tactically~*~*~ (stealth).
  8213 | D:9      | 8213 ||| Stepping ~*~*~tactically~*~*~ (stealth).
  8218 | D:9      | 8218 ||| Stepping ~*~*~tactically~*~*~ (hiding).
  8239 | D:9      | 8239 ||| Stepping ~*~*~tactically~*~*~ (stealth).
  8246 | D:9      | 8246 ||| Stepping ~*~*~tactically~*~*~ (hiding).
  8360 | D:9      | 8360 ||| READING scroll of enchant weapon.
  8360 | D:9      | 8360 ||| ENCHANTING +2 heavy broad axe.
  8367 | D:9      | 8367 ||| Stepping ~*~*~tactically~*~*~ (stealth).
  8367 | D:9      | Noticed Harold
  8368 | D:9      | 8368 ||| Stepping ~*~*~tactically~*~*~ (hiding).
  8370 | D:9      | 8370 ||| INVOKING Heroism.
  8381 | D:9      | Killed Harold
  8382 | D:9      | Reached skill level 3 in Throwing
  8395 | D:9      | 8395 ||| INVOKING Heroism.
  8405 | D:9      | HP: 13/64 [yak (12)]
  8406 | D:9      | 8406 ||| READING scroll of teleportation.
  8408 | D:9      | HP: 6/64 [yak (6)]
  8409 | D:9      | HP: 1/64 [yak (3)]
  8723 | D:9      | You fall into a shaft and drop 1 floor!
  8723 | D:10     | Entered Level 10 of the Dungeon
  8726 | D:10     | Noticed Fannar
  8727 | D:10     | 8727 ||| Stepping ~*~*~tactically~*~*~ (stealth).
  8733 | D:10     | 8733 ||| INVOKING Heroism.
  8737 | D:10     | HP: 10/64 [yak (11)]
  8737 | D:10     | HP: 3/64 [ice beast[Fannar] (6)]
  8739 | D:10     | Reached skill level 11 in Axes
  8739 | D:10     | Reached XP level 11. HP: 3/68 MP: 12/14
  8739 | D:10     | HP: 1/68 [Fannar/staff of cold (2)]
  8739 | D:10     | Mangled by Fannar

Levels and vault maps discovered:
D:1:      saegor_arrival_simple_a, layout_loops_ring, serial_shops, shop,
          serial_forest, infiniplex_forest_straight_4,
          infiniplex_forest_straight_4, infiniplex_forest_clump_small,
          infiniplex_forest_lined_3, infiniplex_forest_straight_3,
          infiniplex_forest_clump_double, infiniplex_forest_clump_curved,
          infiniplex_forest_clump_large, infiniplex_forest_lined_2
D:2:      layout_basic, serial_glass, glass_columns_a, glass_columns_b,
          glass_columns_a, glass_columns_c, minmay_misc_feat_doors
D:3:      layout_loops_ring
D:4:      nicolae_cairo_tiling_large_dashed, layout_cave_pods,
          nicolae_uskayaw_dance_hall, serial_shops,
          nicolae_shop_back_alley_shop, uniq_menkaure
D:5:      minmay_diamond_boxcup, layout_loops_ring, elyvilon_altar_1,
          lemuel_flame_loot_1
D:6:      kennysheep_big_flooded_room, layout_loops_cross,
          lightli_temple_of_fire, serial_bayou, serial_bayou_pond_e,
          serial_bayou_pond_b, serial_bayou_crossing, serial_bayou_shore_b,
          serial_bayou_shore_b, uniq_pikel
D:7:      layout_loops_ring, temple_pool_b, minivault_27,
          hangedman_abyss_or_decor_lesser_grid, uniq_crazy_yiuf_cottage
D:8:      layout_layer_cave, kennysheep_mini, enter_ossuary_3,
          hangedman_abyss_or_decor_stagger, minmay_misc_feat_four_crosses
D:9:      hellmonk_ruined_rings, layout_loops_ring, uniq_maurice, uniq_harold
D:10:     layout_basic, overflow_temple_1_default, lair_entry_dummy,
          uniq_josephine, uniq_nergalle, uniq_fannar
Temple:   sentei_temple_godly_chess

Skill      XL: |  1  2  3  4  5  6  7  8  9 10 |
---------------+-------------------------------+-----
Axes           | 2 3 4 5 6 7 8 10 11 | 11.1
Fighting       | 4 6 8 |  8.1
Armour         | 4 5 6 7 |  7.0
Dodging        | 1 |  1.4
Shields        | 4 5 |  5.1
Invocations    | 4 |  4.0
Throwing       | 3 |  3.4

Action                     |  1- 3 |  4- 6 |  7- 9 | 10-12 || total
---------------------------+-------+-------+-------+-------++-------
  Melee: War axe           |    72 |     1 |       |       ||    73
         Broad axe         |       |   117 |   189 |   105 ||   411
  Throw: Boomerang         |    52 |    36 |       |       ||    88
         Javelin           |       |       |       |     2 ||     2
 Invoke: Heroism           |       |       |       |     6 ||     6
    Use: Scroll            |     3 |     9 |     8 |     2 ||    22
         Potion            |       |     3 |     1 |       ||     4
 Armour: Scale mail        |    12 |       |       |       ||    12
         Chain mail        |    28 |       |       |       ||    28
         Plate armour      |       |    82 |   153 |    87 ||   322
  Dodge: Dodged            |    20 |    37 |    68 |    37 ||   162
  Block: Buckler           |    13 |    28 |    46 |    25 ||   112

Table legend:
 A = Non-vault XP
 B = Vault XP
 C = Vault XP percentage of total XP
 D = Non-vault monster count
 E = Vault monster count
 F = Vault count percentage of total count
                 A         B        C        D         E       F
            +---------+---------+-------+---------+---------+-------
      Total |    6287 |    3013 |  32.4 |     154 |      37 |  19.4
            +---------+---------+-------+---------+---------+-------
        D:1 |      41 |       0 |   0.0 |      20 |       0 |   0.0
        D:2 |      57 |       0 |   0.0 |      20 |       0 |   0.0
        D:3 |      16 |       0 |   0.0 |      11 |       0 |   0.0
        D:4 |     201 |     175 |  46.5 |      22 |       1 |   4.3
        D:5 |     344 |     581 |  62.8 |      10 |       8 |  44.4
        D:6 |     605 |    1204 |  66.6 |      11 |       6 |  35.3
        D:7 |     695 |       0 |   0.0 |      16 |       0 |   0.0
        D:8 |    1502 |       0 |   0.0 |      17 |       0 |   0.0
        D:9 |    2421 |     878 |  26.6 |      25 |       1 |   3.8
       D:10 |     405 |       0 |   0.0 |       2 |       0 |   0.0
    Ossuary |       0 |     175 | 100.0 |       0 |      21 | 100.0
            +---------+---------+-------+---------+---------+-------
